AoeStats
← Lord_Wilfredo

MegaRandom

508097487Analyzed
3v3 RM · 12d ago on Sep 20, 2026· 22m 17s· 6 players
Game mode
Random Map
Map size
Normal (6 player)
Population
200
Speed
Normal
Resources
Standard
Victory
Conquest
Starting age
Dark Age
Ending age
Imperial Age
RankedLock teamsTeams togetherTeam positionsShared explorationLock speedFull tech treeHidden civsTurbo modeCheats
Victory
Defeat
🇦🇷 Mongols · Argentina
1398
+14
🇦🇷 Britons · Argentina
1394
+14
🇦🇷 Khmer · Argentina
1361
+15
🇦🇷 Mongols · Argentina
1369
-15
🇨🇳 Magyars · China
1341
-14
🇦🇷 Teutons · Argentina
1336
-14
苏东坡的粉丝
11:28 Feudal Age
12:59 Loom
14:24 Scale Barding Armor
22:26 Castle Age
21:43 Bloodlines
21:43 Fishing Lines
1976
8:41 Loom
10:52 Feudal Age
12:28 Double-Bit Axe
13:25 Gold Mining
14:36 Horse Collar
15:14 Fletching
23:18 Castle Age
21:03 Fishing Lines
Lord_Wilfredo
7:17 Loom
9:38 Feudal Age
15:26 Town Watch
19:11 Castle Age
16:59 Double-Bit Axe
18:00 Fletching
21:23 Bow Saw
Fetuquin
7:00 Loom
9:16 Feudal Age
10:02 Double-Bit Axe
Frank
7:26 Loom
9:41 Feudal Age
10:33 Double-Bit Axe
11:03 Town Watch
15:04 Forging
16:14 Horse Collar
17:38 Bloodlines
22:35 Scale Barding Armor
TheBarber
6:25 Loom
8:31 Feudal Age
10:21 Double-Bit Axe
13:13 Fletching
14:36 Horse Collar
15:37 Town Watch
20:13 Wheelbarrow
23:08 Castle Age
21:53 Gold Mining
22:52 Padded Archer Armor
Connection lost

Rejoining the realm…

Still unreachable

The connection could not be restored.

Session expired

The server has moved on; the page needs a fresh start.